 Dungeon Crawl Stone Soup version 0.30-a0-55-g90e3122c3a (webtiles) character file.

Game seed: 13937838279932477567

18 Newt the Ducker (level 2, -1/22 HPs)
             Began as a Demonspawn Gladiator on Sept 9, 2022.
             Slain by a gnoll
             ... wielding a +0 spear
              (6 damage)
             ... on level 1 of the Dungeon.
             The game lasted 00:01:17 (1366 turns).

Newt the Ducker (Demonspawn Gladiator)              Turns: 1366, Time: 00:01:17

Health: -1/22      AC:  4    Str: 14    XL:     2   Next: 48%
Magic:  2/2        EV: 12    Int:  9    God:
Gold:   9          SH:  0    Dex: 14    Spells: 1/1 levels left

rFire   . . .      SeeInvis .    a - +0 rapier
rCold   . . .      Faith    .    (no shield)
rNeg    . . .      Spirit   .    b - +0 leather armour
rPois   .          Reflect  .    c - +0 helmet
rElec   .          Harm     .    (no cloak)
rCorr   .          Rampage  .    (no gloves)
Will    .....                    (no boots)
Stlth   ++........               (no amulet)
HPRegen 0.07/turn                (no ring)
MPRegen 0.08/turn                (no ring)

@: no status effects
A: weakness stinger 1
a: no special abilities


You were on level 1 of the Dungeon.
You visited 1 branch of the dungeon, and saw 2 of its levels.

You collected 9 gold pieces.

Inventory:

Hand Weapons
 a - a +0 rapier (weapon)
Missiles
 e - 12 poisoned darts (quivered)
Armour
 b - a +0 leather armour (worn)
 c - a +0 helmet (worn)
Scrolls
 f - a scroll of silence {unknown}
 g - a scroll of fear {unknown}
 h - a scroll of butterflies {unknown}
 j - a scroll of blinking {unknown}
 k - a scroll of poison {unknown}
Potions
 i - a potion of mutation {unknown}


   Skills:
 + Level 2.2 Fighting
 - Level 2.6 Short Blades
 - Level 1.7 Throwing
 - Level 2.6 Dodging
 - Level 2.0 Stealth


You had one spell level left.
You didn't know any spells.
Your spell library was empty.

Dungeon Overview and Level Annotations

Branches:
Dungeon (2/15)

Altars:
Nemelex Xobeh


Innate Abilities, Weirdness & Mutations

You have a small tail.


Message History

There is a stone staircase leading down here.
Unknown command.
You hit the ball python.
You kill the ball python!
You start resting.
HP restored.
You climb downwards.
The goblin closely misses you. The gnoll closely misses you.
There is a stone staircase leading up here.
The goblin barely misses you. The gnoll hits you with a +0 spear.
The goblin hits you but does no damage.
You climb upwards.
There is a stone staircase leading down here.
Unknown command.
You hit the goblin.
The goblin is severely wounded.
The goblin hits you with a +0 dagger. The goblin closely misses you.
The gnoll hits you with a +0 spear.
You completely miss the goblin.
The goblin is severely wounded.
The goblin barely misses you. The goblin completely misses you.
The gnoll closely misses you.
You hit the goblin.
You kill the goblin!
The goblin hits you but does no damage. The gnoll hits you with a +0 spear!
* * * LOW HITPOINT WARNING * * *
Unknown command.
Throw: throwing net
Press: ? - help, Q - select action, (/) - cycle Shift-Dir - straight line, f - gnoll
Aim: a gnoll, wielding a +0 spear (63% to hit)
You throw a throwing net.
The throwing net closely misses the gnoll.
The goblin barely misses you. The gnoll hits you but does no damage.
Throw: 13 darts (poison)
Press: ? - help, Q - select action Shift-Dir - straight line, f/p - gnoll
Aim: a gnoll, wielding a +0 spear (63% to hit)
You throw a poisoned dart. The poisoned dart hits the gnoll.
The gnoll is poisoned.
The goblin barely misses you. The gnoll hits you with a +0 spear.
You die...

.# #.# #....# #÷..<..÷# .# #.#
#....# #..÷....# .#####.# #....#
#÷.÷#÷÷.# .##.##.# #....######
#(÷.#÷.÷# ....##.# #.........#
#.÷÷#...# ..#.##.# #.........#
#.÷.>.÷.# ..#.##.# ##........#
##.###.##
..#.##.#######...g....####'###+#
.........(.....g@####..........#
###.##.#########)# #.#######.##
.....#.# #.# #.#.....#.#
.......#########.# #.#####.#.#
.................# #.#####.#.#
##......########.####.......#.#
).÷..÷..+...................#.#
##......########.#########.##.#
#......# #.# #........#


You could see a gnoll (poisoned) and a goblin.

Vanquished Creatures
  A dart slug (D:1)
  3 goblins (D:1)
  A hobgoblin (D:1)
  4 ball pythons
  7 bats (D:1)
  A kobold (D:1)
17 creatures vanquished.

Vanquished Creatures (others)
  5 plants (D:2)
5 creatures vanquished.

Grand Total: 22 creatures vanquished

Notes
Turn   | Place    | Note
-------+----------+-------------------------------------------
     0 | D:1      | Newt the Demonspawn Gladiator began the quest for the Orb.
     0 | D:1      | Reached XP level 1. HP: 16/16 MP: 1/1
    32 | D:1      | You fall into a shaft and drop 1 floor!
    83 | D:2      | Found a sparkling altar of Nemelex Xobeh.
   518 | D:1      | Reached skill level 1 in Stealth
   646 | D:1      | Found a faded altar of an unknown god.
   718 | D:1      | Gained mutation: You have a small tail. [demonic ancestry]
   718 | D:1      | Reached XP level 2. HP: 22/22 MP: 2/2
  1366 | D:1      | Slain by a gnoll

Illustrated notes

Levels and vault maps discovered:
D:1:      heliophobic_arrival_battle_scene, layout_basic,
          hellmonk_ecumenical_altar_crossroads
D:2:      kennysheep_the_goblin_king, layout_rooms, basic_altar, serial_bayou,
          serial_bayou_pond_d, serial_bayou_lagoon_b, serial_bayou_pond_d,
          serial_bayou_pond_e, serial_bayou_lake_a, serial_bayou_shore_b,
          uniq_natasha

Skill      XL: |  1  2 |
---------------+-------+-----
Stealth        | 1 2 |  2.0
Fighting       | |  2.2
Short Blades   | |  2.6
Throwing       | |  1.7
Dodging        | |  2.6

Action                   || total
-------------------------++-------
Melee: Rapier            ||    59
Throw: Throwing net      ||     3
       Javelin           ||     1
       Dart              ||     1
Armor: Leather armour    ||    48
Dodge: Dodged            ||    70

Table legend: (Time is in decaauts)
 A = Elapsed time spent in this place.
 B = Non-inter-level travel time spent in this place.
 C = Inter-level travel time spent in this place.
 D = Time resting spent in this place.
 E = Time spent auto-exploring this place.
 F = Levels seen in this place.
 G = Mean time per level.
                   A        B        C        D        E       F      G
               +--------+--------+--------+--------+--------+-----+--------+
         Total |   1372 |   1347 |     25 |    537 |    586 |   2 |  686.0 |
       Dungeon |   1372 |   1347 |     25 |    537 |    586 |   2 |  686.0 |
               +--------+--------+--------+--------+--------+-----+--------+

Top non-repeatable levels by time:
     D:1: 1294 daAuts
     D:2: 77 daAuts
